 Dungeon Crawl Stone Soup version 0.18.1-5-g4a78601 (webtiles) character file.

55142 Enish the Fighter (level 14, -7/88 HPs)
             Began as a Vine Stalker Conjurer on May 13, 2016.
             Was a High Priest of the Shining One.
             Mangled by Snorg (8 damage)
             ... on level 10 of the Dungeon on May 14, 2016.
             The game lasted 01:29:13 (17621 turns).

Enish the Fighter (Vine Stalker Conjurer)          Turns: 17621, Time: 01:29:14

Health: -7/88      AC: 24    Str: 15    XL:     14   Next: 76%
Magic:  0/19       EV:  8    Int: 15    God:    the Shining One [*****.]
Gold:   960        SH:  0    Dex: 16    Spells: 3 memorised, 12 levels left

rFire  . . .     SeeInvis .     B - +2 dagger (elec)
rCold  . . .     Gourm    .     g - +1 plate armour
rNeg   + + .     Faith    .     (no shield)
rPois  +         Spirit   +     F - +0 helmet
rElec  .         Dismiss  .     G - +2 cloak {MR+}
rCorr  .         Reflect  .     e - +1 pair of gloves
SustAt .         Harm     .     (no boots)
MR     +++..                    Y - amulet of magic regeneration
Stlth  ..........               n - ring of protection from magic
                                q - +3 ring of slaying

@: lethally poisoned (-7 -> -7), about to teleport, slowed, glowing, very slow,
extremely resistant to hostile enchantments, extremely unstealthy
A: fangs 3, poison resistance, regeneration 3, robust 1, magic shield, antimagic
bite, no device heal 3, rot immunity, MP-powered wands
a: Divine Shield, Cleansing Flame, Summon Divine Warrior, Renounce Religion


You were on level 10 of the Dungeon.
You worshipped the Shining One.
The Shining One was extremely pleased with you.
You were very hungry.

You visited 4 branches of the dungeon, and saw 20 of its levels.

You collected 1514 gold pieces.
You spent 554 gold pieces at shops.

Inventory:

Hand Weapons
 j - a +2 scimitar of flaming
 B - a +2 dagger of electrocution (weapon)
Missiles
 O - 9 tomahawks
 Q - 4 steel javelins (quivered)
Armour
 e - a +1 pair of gloves (worn)
 g - a +1 plate armour (worn)
 F - a +0 helmet (worn)
 G - a +2 cloak of magic resistance (worn)
Jewellery
 d - an uncursed ring of see invisible
 l - an uncursed ring of resist corrosion
 n - a ring of protection from magic (right hand)
 q - a +3 ring of slaying (left hand)
 u - an uncursed ring of flight
 Y - an amulet of magic regeneration (around neck)
Wands
 i - a wand of teleportation (7/9)
 k - a wand of paralysis (11/24)
 m - a wand of paralysis (11/24)
 x - a wand of hasting (1/9)
 y - a wand of acid (4/15)
 A - a wand of confusion (16/48)
 C - a wand of flame (27/48)
 T - a wand of disintegration (3/24)
 U - a wand of confusion (28/48)
 W - a wand of slowing (28/48)
Scrolls
 s - a scroll of fog
 H - 2 scrolls of amnesia
 K - 4 scrolls of magic mapping
 N - a scroll of identify
 P - 2 scrolls of remove curse
Potions
 a - 2 potions of invisibility
 f - 4 potions of flight
 o - a potion of haste
 r - 3 potions of curing
 t - 2 potions of brilliance
 v - 3 potions of degeneration
 z - 2 potions of cure mutation
 D - 2 potions of mutation
 J - a potion of ambrosia
 L - 2 potions of heal wounds
 Z - 2 potions of lignification
Books
 b - a book of Conjurations

   Spells                             Type                      Level
   a - Magic Dart                     Conjuration                  1
   b - Searing Ray                    Conjuration                  2
   c - Dazzling Spray                 Conjuration/Hexes            3
   d - Fulminant Prism                Conjuration/Hexes            4
   e - Iskenderun's Mystic Blast      Conjuration                  4
   f - Iskenderun's Battlesphere      Conjuration/Charms           5
 E - a book of Flames

   Spells                             Type                      Level
   a - Flame Tongue                   Conjuration/Fire             1
   b - Throw Flame                    Conjuration/Fire             2
   c - Conjure Flame                  Conjuration/Fire             3
   d - Inner Flame                    Hexes/Fire                   3
   e - Sticky Flame                   Conjuration/Fire             4
   f - Fireball                       Conjuration/Fire             5
 I - a book of Power

   Spells                             Type                      Level
   a - Fulminant Prism                Conjuration/Hexes            4
   b - Iskenderun's Mystic Blast      Conjuration                  4
   c - Venom Bolt                     Conjuration/Poison           5
   d - Bolt of Magma                  Conjuration/Fire/Earth       5
   e - Iron Shot                      Conjuration/Earth            6
   f - Orb of Destruction             Conjuration                  7
   g - Spellforged Servitor           Conjuration/Summoning        7
 R - a book of Minor Magic

   Spells                             Type                      Level
   a - Magic Dart                     Conjuration                  1
   b - Blink                          Translocation                2
   c - Call Imp                       Summoning                    2
   d - Repel Missiles                 Charms/Air                   2
   e - Slow                           Hexes                        2
   f - Conjure Flame                  Conjuration/Fire             3
   g - Mephitic Cloud                 Conjuration/Poison/Air       3
 V - a book of Dreams

   Spells                             Type                      Level
   a - Ensorcelled Hibernation        Hexes/Ice                    2
   b - Silence                        Hexes/Air                    5
   c - Darkness                       Hexes                        6
   d - Shadow Creatures               Summoning                    6
Miscellaneous
 M - a stone of tremors
Comestibles
 c - 7 bread rations
 h - 10 meat rations
 p - a slice of pizza
 S - 3 fruits
 X - a royal jelly


   Skills:
 - Level 12.0 Fighting
 - Level 8.8(10.3) Short Blades
 - Level 8.7(10.3) Long Blades
 - Level 3.8 Throwing
 - Level 11.9 Armour
 - Level 5.4 Dodging
 - Level 2.4 Stealth
 - Level 2.1 Spellcasting
 - Level 4.0 Conjurations
 * Level 6.2 Invocations
 - Level 1.0 Evocations


You had 12 spell levels left.
You knew the following spells:

 Your Spells              Type           Power        Failure   Level  Hunger
a - Magic Dart            Conj           ##..         95%         1    #......
b - Searing Ray           Conj           ##....       99%         2    ###....
c - Blink                 Tloc           N/A          100%        2    ###....


Dungeon Overview and Level Annotations

Branches:
Dungeon (10/15)              Lair (8/8) D:10          Swamp (1/4) Lair:3
 Spider (0/4) Lair:3        Slime (1/6) Lair:6
 Temple: D:4-7          Orc: D:9-12

Altars:
Ashenzari
Elyvilon
Nemelex Xobeh
Okawaru
Pakellas
Qazlal
Vehumet
Xom
The Shining One

Shops:
D:4 !   D:5 }

Annotations:
D:3 Potsanchik's ghost, amateur OgCK
D:4 exclusion: upstairs
D:6 exclusion: downstairs
D:7 Quirk's ghost, novice GrFi
D:9 Yendor's ghost, novice DEFE
D:10 Snorg
Lair:2 exclusion: oklob plant
Lair:3 3 exclusions


Innate Abilities, Weirdness & Mutations

You have razor-sharp teeth.
You regenerate.
When hurt, damage is shared between your health and your magic reserves.
Your bite disrupts and absorbs the magic of your enemies.
Potions and wands cannot restore your health.
You are immune to rotting.
Your system is resistant to poisons.
You are robust (+10% HP).
You expend magic power (3 MP) to strengthen your wands.


Message History

Read which item? (? for menu, Esc to quit)
Okay, then.
Read which item? (? for menu, Esc to quit)
As you read the scroll of teleportation, it crumbles to dust.
You feel strangely unstable.
You are feeling very hungry.
Snorg bites you!!
* * * LOW HITPOINT WARNING * * *
Snorg claws you!
* * * LOW HITPOINT WARNING * * *
Snorg claws you.
* * * LOW HITPOINT WARNING * * *
Snorg bites you.
* * * LOW HITPOINT WARNING * * *
Snorg claws you but does no damage. Snorg claws you.
* * * LOW HITPOINT WARNING * * *
Snorg bites you but does no damage. Snorg claws you.
* * * LOW HITPOINT WARNING * * *
Snorg claws you!
You die... .......... ......... ......... #..
Yh.......

. ##.P ..J.....#
..##... ........#
#..# ....P
.......c# #..#
#....... #T# #..#
#..# #.. #@# #..#
#..# #. ..# #.#
#..# #..# #.
..##........ #(#
#..# #..# #.
..##........# #.#
#..# #..# #.
..##........# #.#
#..# #..# #÷
..##........# #.#
#..####..# #÷
..##........# #.#
#..[.....# #.
..##........# #.#
#........# #.
..##........#
#.###........####÷


You could see Snorg (berserk) and a centaur.

Vanquished Creatures
  Josephine (D:10)
  2 hydras
  A catoblepas (Lair:6)
  Erica (D:8)
  13 death yaks
  Nergalle (D:10)
  A deep elf mage (D:8)
  A griffon (Lair:7)
  5 elephants (Lair:1)
  3 black mambas
  27 spiny frogs
  2 torpor snails
  4 rime drakes
  7 komodo dragons
  2 trolls
  3 jumping spiders (Lair:3)
  A giant leech (Lair:8)
  A polar bear (Lair:8)
  A slime creature (Lair:6)
  13 blink frogs
  3 redbacks (Lair:3)
  4 wraiths (D:10)
  53 yaks
  A vampire (D:10)
  6 hippogriffs
  2 basilisks
  A wyvern (Lair:6)
  A hungry ghost (D:7)
  A steam dragon (Lair:4)
  Menkaure (D:7)
  5 vampire mosquitoes
  6 swamp worms (Lair:3)
  14 water moccasins
  10 porcupines
  2 orc warriors (D:10)
  2 ice beasts
  An eye of draining (D:9)
  3 phantoms (D:8)
  A sky beast (D:6)
  3 black bears (D:7)
  4 ogres
  A necrophage (D:8)
  8 wolves
  18 crocodiles
  16 big kobolds
  A wyvern zombie (D:7)
  29 giant frogs
  A wyvern skeleton (D:10)
  2 scorpions
  6 killer bees (D:10)
  2 howler monkeys
  5 electric eels
  2 crimson imps
  A giant frog zombie (D:10)
  10 jellies
  A quasit (D:8)
  6 hounds
  An orc priest (D:3)
  An iron imp (D:6)
  2 centaur skeletons
  13 iguanas
  5 orc wizards
  11 hell rats (Lair:3)
  10 worker ants
  37 sheep
  A worker ant zombie (D:5)
  10 adders
  3 gnolls (D:4)
  66 river rats
  3 oozes
  An adder zombie (D:5)
  5 giant geckos
  25 orcs
  13 bats
  4 giant cockroaches
  5 goblins
  10 hobgoblins
  4 jackals (D:2)
  7 quokkas
  2 ball pythons
  2 giant gecko skeletons (D:6)
  A giant gecko zombie (D:4)
  5 giant newts
  4 goblin zombies (D:6)
  2 hobgoblin zombies (D:6)
  22 kobolds
  A kobold skeleton (D:6)
  An orc skeleton (D:6)
  3 orc zombies (D:6)
  23 rats
626 creatures vanquished.

Vanquished Creatures (others)
  24 fungi
  15 plants
39 creatures vanquished.

Grand Total: 665 creatures vanquished

Notes
Turn   | Place    | Note
--------------------------------------------------------------
     0 | D:1      | Enish the Vine Stalker Conjurer began the quest for the Orb.
     0 | D:1      | Reached XP level 1. HP: 9/9 MP: 4/4
   133 | D:1      | Reached skill level 1 in Throwing
   195 | D:1      | Reached XP level 2. HP: 13/13 MP: 1/6
   578 | D:1      | Reached XP level 3. HP: 16/16 MP: 4/7
   801 | D:2      | Reached skill level 1 in Armour
  1133 | D:2      | Reached XP level 4. HP: 14/21 MP: 2/8
  1812 | D:3      | Found an iron altar of Okawaru.
  1823 | D:3      | Noticed Potsanchik's ghost (amateur OgCK)
  2280 | D:3      | Found a shimmering altar of Xom.
  2286 | D:3      | Reached XP level 5. HP: 24/24 MP: 2/9
  2290 | D:3      | Learned a level 2 spell: Searing Ray
  2813 | D:4      | Reached skill level 1 in Long Blades
  3022 | D:4      | Reached skill level 1 in Short Blades
  3022 | D:4      | Gained mutation: You heal very quickly. [Vine Stalker growth]
  3022 | D:4      | Reached XP level 6. HP: 28/28 MP: 6/10
  3562 | D:4      | Reached XP level 7. HP: 26/32 MP: 11/11
  3596 | D:4      | Found Viwydeet's Distillery.
  3817 | D:4      | Bought a potion of might for 52 gold pieces
  3817 | D:4      | Bought a potion of agility for 52 gold pieces
  3919 | D:4      | Found a stormy altar of Qazlal.
  3920 | D:4      | Found a radiant altar of Vehumet.
  3920 | D:4      | Found a glowing golden altar of the Shining One.
  3920 | D:4      | Found an oddly glowing altar of Pakellas.
  3933 | D:4      | Found a white marble altar of Elyvilon.
  3933 | D:4      | Found a sparkling altar of Nemelex Xobeh.
  3980 | D:4      | Became a worshipper of the Shining One
  4125 | D:5      | Entered Level 5 of the Dungeon
  4306 | D:5      | Reached skill level 5 in Short Blades
  4446 | D:5      | Found Haejuwun's Gadget Boutique.
  4919 | D:6      | Gained mutation: You have razor-sharp teeth. [Vine Stalker growth]
  4919 | D:6      | Reached XP level 8. HP: 36/36 MP: 12/12
  5054 | D:6      | Found a glowing golden altar of the Shining One.
  5058 | D:6      | Reached * piety under the Shining One
  5354 | D:7      | Noticed Quirk's ghost (novice GrFi)
  5373 | D:7      | Noticed Menkaure
  5380 | D:7      | Killed Menkaure
  5662 | D:7      | Reached ** piety under the Shining One
  5840 | D:8      | Noticed Erica
  5840 | D:8      | Noticed a troll
  6127 | D:9      | Noticed a yak
  6128 | D:9      | Noticed a yak
  6129 | D:9      | Noticed a yak
  6129 | D:9      | Noticed a yak
  6130 | D:9      | Found a shattered altar of Ashenzari.
  6151 | D:9      | Killed a yak
  6151 | D:9      | Reached XP level 9. HP: 35/39 MP: 13/13
  6771 | D:7      | Got a transparent glaive
  6884 | D:6      | Identified the cursed +2 glaive "Gyfelula" {chop, rC+ SInv Stlth+} (You found it on level 7 of the Dungeon)
  6959 | D:5      | Bought a wand of teleportation (6/9) for 450 gold pieces
  7032 | D:7      | Reached skill level 5 in Armour
  7066 | D:8      | Killed Erica
  7071 | D:8      | Killed a troll
  7071 | D:8      | Reached XP level 10. HP: 41/44 MP: 14/14
  7092 | D:8      | Noticed a deep elf mage
  7099 | D:8      | Killed a deep elf mage
  7597 | D:9      | Reached skill level 5 in Long Blades
  7941 | D:9      | Noticed Yendor's ghost (novice DEFE)
  7941 | D:9      | Reached *** piety under the Shining One
  7965 | D:10     | Entered Level 10 of the Dungeon
  8229 | D:10     | Noticed Nergalle
  8241 | D:10     | Killed Nergalle
  8241 | D:10     | Reached XP level 11. HP: 45/47 MP: 15/15
  8266 | D:10     | Reached skill level 1 in Fighting
  8268 | D:10     | Reached skill level 2 in Fighting
  8354 | D:10     | Found a staircase to the Lair.
  8368 | Lair:1   | Entered Level 1 of the Lair of Beasts
  8464 | Lair:1   | Reached skill level 3 in Fighting
  8476 | Lair:1   | Reached skill level 4 in Fighting
  8739 | Lair:1   | Reached skill level 5 in Fighting
  8919 | Lair:1   | Learned a level 2 spell: Blink
  9666 | Lair:2   | Gained mutation: You regenerate. [Vine Stalker growth]
  9666 | Lair:2   | Reached XP level 12. HP: 45/60 MP: 16/16
  9772 | Lair:2   | Noticed an eight-headed hydra
  9785 | Lair:2   | Killed an eight-headed hydra
 10099 | Lair:2   | Reached skill level 10 in Armour
 10478 | Lair:3   | Reached **** piety under the Shining One
 10481 | Lair:3   | Found a hole to the Spider Nest.
 11008 | Lair:3   | HP: 2/60 [jumping spider (7)]
 11723 | Lair:3   | Found a staircase to the Swamp.
 11825 | Lair:4   | Reached ***** piety under the Shining One
 12348 | Lair:4   | Reached XP level 13. HP: 48/63 MP: 17/17
 12461 | Lair:4   | Reached skill level 5 in Dodging
 13187 | Lair:5   | Gained mutation: You expend magic power (3 MP) to strengthen your wands. [potion of mutation]
 13187 | Lair:5   | Gained mutation: You are robust (+10% HP). [potion of mutation]
 13187 | Lair:5   | Gained mutation: Your system is resistant to poisons. [potion of mutation]
 13416 | Lair:5   | Reached skill level 6 in Fighting
 13617 | Lair:6   | Found a staircase to the Slime Pits.
 13710 | Lair:6   | Reached skill level 1 in Invocations
 14135 | Lair:6   | Reached skill level 5 in Invocations
 14599 | Lair:7   | Reached skill level 7 in Fighting
 15013 | Lair:7   | Reached skill level 8 in Fighting
 15185 | Lair:8   | Entered Level 8 of the Lair of Beasts
 15315 | Lair:7   | Reached skill level 1 in Evocations
 15392 | Lair:7   | Reached XP level 14. HP: 77/81 MP: 19/19
 15482 | Lair:8   | Reached skill level 9 in Fighting
 15747 | Lair:8   | Reached skill level 10 in Fighting
 16408 | Lair:8   | Reached skill level 11 in Fighting
 17029 | Slime:1  | Entered Level 1 of the Pits of Slime
 17226 | Swamp:1  | Entered Level 1 of the Swamp
 17567 | D:10     | Noticed Josephine
 17573 | D:10     | Noticed Snorg
 17590 | D:10     | Killed Josephine
 17590 | D:10     | Reached skill level 12 in Fighting
 17621 | D:10     | HP: 2/88 [Snorg (3)]
 17621 | D:10     | Mangled by Snorg

Skill      XL: |  1  2  3  4  5  6  7  8  9 10 11 12 13 14 |
---------------+-------------------------------------------+-----
Throwing       | 1 2 3 |  3.8
Armour         | 1 7 9 11 | 11.9
Long Blades    | 2 8 |  8.7
Short Blades   | 1 3 5 8 |  8.8
Fighting       | 5 8 12 | 12.0
Dodging        | 2 3 5 |  5.4
Invocations    | 6 |  6.2
Evocations     | 1 |  1.0
Stealth        | |  2.4
Spellcasting   | |  2.1
Conjurations   | |  4.0

Action                   |  1- 3 |  4- 6 |  7- 9 | 10-12 | 13-15 || total
-------------------------+-------+-------+-------+-------+-------++-------
Melee: Unarmed           |     2 |       |       |       |       ||     2
       Whip              |     6 |    53 |       |       |       ||    59
       Bite              |     2 |    25 |    80 |   277 |   364 ||   748
       Rapier            |       |    39 |   299 |     7 |       ||   345
       Scimitar          |       |       |       |   174 |     5 ||   179
       Dagger            |       |       |       |   630 |  1013 ||  1643
Throw: Javelin           |     9 |     4 |     9 |    22 |    17 ||    61
       Tomahawk          |       |       |     3 |     9 |    10 ||    22
 Cast: Magic Dart        |    60 |    33 |       |       |       ||    93
       Searing Ray       |       |    10 |       |       |       ||    10
Invok: Divine Shield     |       |       |       |       |     7 ||     7
Evoke: Wand              |       |       |     2 |     4 |     3 ||     9
  Use: Scroll            |       |     7 |    12 |    13 |    13 ||    45
       Potion            |       |     2 |     1 |     9 |     1 ||    13
 Stab: Sleeping          |       |     1 |     1 |     1 |       ||     3
  Eat: Chunk             |     1 |     8 |     8 |     9 |     7 ||    33
       Pizza             |       |     1 |       |       |     3 ||     4
       Fruit             |       |       |     2 |     1 |     4 ||     7
       Beef jerky        |       |       |     1 |     2 |     2 ||     5
       Meat ration       |       |       |     1 |       |       ||     1
       Royal jelly       |       |       |       |     1 |       ||     1
Armor: Robe              |     6 |       |       |       |       ||     6
       Ring mail         |       |    54 |   105 |    97 |       ||   256
       Plate armour      |       |       |       |   146 |   410 ||   556
Dodge: Dodged            |    11 |    68 |   112 |   190 |   218 ||   599
Block: Other             |       |       |       |       |    57 ||    57
